 Dungeon Sprint DCSS version 0.27-a0-463-gec7707c53d (webtiles) character file.

Game seed: 2122487805263741386

219 mhtbhm the Fighter (level 5, 0/53 (56) HPs)
             Began as a Minotaur Fighter on Mar 1, 2021.
             Was an Elder of Trog.
             Slain by an eidolon (5 damage)
             ... in the Dungeon (Sprint VII: "The Pits").
             The game lasted 00:01:16 (286 turns).

mhtbhm the Fighter (Minotaur Fighter)                Turns: 286, Time: 00:01:19

HP:   0/53 (56)     AC: 11    Str: 22      XL:     5   Next: 64%
MP:   4/4           EV:  8    Int:  5      God:    Trog [****..]
Gold: 0             SH: 11    Dex:  7 (9)  Spells: 4/4 levels left

rFire    . . .     SeeInvis .   a - +2 hand axe
rCold    . . .     Faith    .   c - +0 kite shield
rNeg     . . .     Spirit   .   b - +3 scale mail
rPois    .         Reflect  .   (helmet restricted)
rElec    .         Harm     .   (no cloak)
rCorr    .         Rampage  .   (no gloves)
Will     .....     NoTele   +   (no boots)
Stlth    ..........             (no amulet)
HPRegen  0.17/turn              (no ring)
MPRegen  0.09/turn              (no ring)

@: afraid, slowed, drained, very slow
A: retaliatory headbutt, horns 2
a: Renounce Religion, Berserk, Trog's Hand, Brothers in Arms


You were in the Dungeon.
You worshipped Trog.
Trog was greatly pleased with you.
You visited 1 branch

Inventory:

Hand Weapons
 a - a +2 hand axe (weapon)
Armour
 b - a +3 scale mail (worn)
 c - a +0 kite shield (worn)
Scrolls
 j - a scroll of blinking
Potions
 d - a potion of might
 e - 6 potions of curing
 f - 4 potions of heal wounds
 g - a potion of haste
 h - 4 potions of magic
 i - 3 potions of berserk rage
 k - 2 potions of invisibility


   Skills:
 + Level 8.6 Fighting
 + Level 6.3 Axes
 + Level 7.8 Armour
 + Level 1.3 Dodging
 + Level 8.0 Shields


You had 4 spell levels left.
You didn't know any spells.
Your spell library was empty.

Dungeon Overview and Level Annotations

Branches:
Dungeon (1/1)

Altars:
Cheibriados
Dithmenos
Elyvilon
Fedhas
Gozag
Hepliaklqana
Makhleb
Nemelex Xobeh
Okawaru
Qazlal
Ru
Sif Muna
Trog
Vehumet
Wu Jian
Xom
Yredelemnul
Zin
The Shining One
Beogh
Jiyva
Lugonu


Innate Abilities, Weirdness & Mutations

You reflexively headbutt those who attack you in melee.
You have a pair of horns on your head.


Message History

The eidolon hits you but does no damage.
The eidolon barely misses you.
You closely miss the eidolon.
The eidolon is lightly damaged.
You block the eidolon's attack.
The eidolon hits you but does no damage.
You attempt to attack the eidolon, but flinch away in fear!
The eidolon hits you but does no damage.
You block the eidolon's attack. x2; The eidolon barely misses you.
You attempt to attack the eidolon, but flinch away in fear!
The eidolon hits you. The eidolon drains your vigour!
You feel yourself slow down. You block the eidolon's attack.
You attempt to attack the eidolon, but flinch away in fear!
You feel the effects of Trog's Hand fading.
The eidolon hits you. x2
You feel clumsy.
You attempt to attack the eidolon, but flinch away in fear!
You block the eidolon's attack. x3; The eidolon hits you.
You feel clumsy.
You slash the eidolon!
The eidolon is lightly damaged.
You block the eidolon's attack.
The eidolon hits you but does no damage.
Unknown command.
You hit the eidolon.
The eidolon is lightly damaged.
Your skin stops crawling.
You feel less strong-willed. The eidolon hits you!!
The eidolon drains your vigour!
You feel as though you will be slow longer.
The eidolon barely misses you. The eidolon hits you.
You block the eidolon's attack.
Okay, then.
As you read the scroll of summoning, it crumbles to dust.
Wisps of shadow whirl around you... You block the eidolon's attack. x2
The eidolon hits you!
* * * LOW HITPOINT WARNING * * *
The eidolon drains your vigour!
You feel as though you will be slow longer.
The eidolon hits you.
You die...

#.#..†.....##.......#
#'###########.......#
#..#.#.## #########
#.......# ##.#.#.##
#.......#+#
##.#.#.##.+
#.......#W#
##.#.#.x'@#
##########


You could see an eidolon (scary, ally target) and a friendly small abomination
(summoned).

Vanquished Creatures
  A floating eye (D)
  A jelly (D)
  A hound (D)
  An iron imp (D)
  A gnoll (D)
  An ooze (D)
  2 leopard geckos (D)
  A ball python (D)
  A giant cockroach (D)
  2 goblins (D)
  A hobgoblin (D)
  A quokka (D)
  A frilled lizard (D)
  2 rats (D)
17 creatures vanquished.

Notes
Turn   | Place    | Note
-------+----------+-------------------------------------------
     0 | D        | mhtbhm the Minotaur Fighter began the quest for the Orb.
     0 | D        | Reached XP level 1. HP: 19/19 MP: 0/0
    18 | D        | Found a bloodstained altar of Trog.
    18 | D        | Found a shimmering blue altar of Sif Muna.
    18 | D        | Found a viscous altar of Jiyva.
    18 | D        | Found a hazy altar of Hepliaklqana.
    18 | D        | Found an opulent altar of Gozag.
    19 | D        | Found a glowing golden altar of the Shining One.
    19 | D        | Found a glowing silver altar of Zin.
    19 | D        | Found a basalt altar of Yredelemnul.
    19 | D        | Found a shimmering altar of Xom.
    19 | D        | Found an ornate altar of the Wu Jian Council.
    19 | D        | Found a sacrificial altar of Ru.
    19 | D        | Found a stormy altar of Qazlal.
    19 | D        | Found an iron altar of Okawaru.
    19 | D        | Found a sparkling altar of Nemelex Xobeh.
    19 | D        | Found a burning altar of Makhleb.
    19 | D        | Found a blossoming altar of Fedhas.
    19 | D        | Found a white marble altar of Elyvilon.
    19 | D        | Found a shadowy altar of Dithmenos.
    19 | D        | Found a snail-covered altar of Cheibriados.
    21 | D        | Found a radiant altar of Vehumet.
    21 | D        | Found a corrupted altar of Lugonu.
    21 | D        | Found a roughly hewn altar of Beogh.
    23 | D        | Became a worshipper of Trog the Wrathful
    69 | D        | Reached * piety under Trog
    81 | D        | Reached XP level 2. HP: 24/28 MP: 1/1
   132 | D        | Reached ** piety under Trog
   133 | D        | Reached skill level 5 in Fighting
   133 | D        | Noticed a floating eye
   136 | D        | Paralysed by a floating eye for 4 turns
   143 | D        | Killed a floating eye
   144 | D        | Reached skill level 5 in Axes
   144 | D        | Reached XP level 3. HP: 37/39 MP: 2/2
   144 | D        | Reached XP level 4. HP: 45/47 MP: 3/3
   215 | D        | Reached *** piety under Trog
   216 | D        | Reached skill level 1 in Dodging
   216 | D        | Reached XP level 5. HP: 41/53 MP: 4/4
   247 | D        | Reached **** piety under Trog
   270 | D        | Noticed an eidolon
   286 | D        | Slain by an eidolon

Illustrated notes

Levels and vault maps discovered:
D:        pitsprint [storerooms_1, entrance_room_1, metal_vault_5, armoury_1,
          mini_pit_1, grid_room_1, main_hall_1, silver_pit, the_coven_3,
          the_vestibule_1, steel_vault_3, golden_pit, hallway_of_sentries,
          crystal_vault_2, iron_vault_4, final_vault]

Skill      XL: |  1  2  3  4  5 |
---------------+----------------+-----
Fighting       | 4 7 8 |  8.6
Armour         | 4 6 7 |  7.8
Shields        | 4 6 7 8 |  8.0
Axes           | 3 5 6 |  6.3
Dodging        | 1 |  1.3

Action                   |  1- 3 |  4- 6 || total
-------------------------+-------+-------++-------
Melee: Hand axe          |    21 |    32 ||    53
       Headbutt          |     3 |     4 ||     7
       War axe           |     2 |       ||     2
Invok: Trog's Hand       |       |     1 ||     1
  Use: Potion            |       |     2 ||     2
       Scroll            |       |     1 ||     1
Armor: Scale mail        |    14 |    10 ||    24
Dodge: Dodged            |    13 |    12 ||    25
Block: Kite shield       |     9 |    20 ||    29

Table legend: (Time is in decaauts)
 A = Elapsed time spent in this place.
 B = Non-inter-level travel time spent in this place.
 C = Inter-level travel time spent in this place.
 D = Time resting spent in this place.
 E = Time spent auto-exploring this place.
 F = Levels seen in this place.
 G = Mean time per level.
                   A        B        C        D        E       F      G
               +--------+--------+--------+--------+--------+-----+--------+
         Total |    301 |    301 |      0 |     53 |     33 |   1 |  301.0 |
       Dungeon |    301 |    301 |      0 |     53 |     33 |   1 |  301.0 |
               +--------+--------+--------+--------+--------+-----+--------+

Top non-repeatable levels by time:
       D: 301 daAuts
